 Dungeon Crawl Stone Soup version 0.13-a0-2060-gccfd96d (webtiles) character file.

299 Kae the Slinger (level 5, -1/34 HPs)
             Began as a Halfling Hunter on June 26, 2013.
             Slain by an iguana (3 damage)
             ... on Level 4 of the Dungeon.
             The game lasted 00:03:34 (3026 turns).

Kae the Slinger (Halfling Hunter)                   Turns: 3026, Time: 00:03:34

HP  -1/34        AC  4     Str  9      XL: 5   Next: 76%
MP   4/4         EV 14     Int 11      God:
Gold 132         SH  0     Dex 18      Spells:  0 memorised,  4 levels left

Res.Fire  : . . .   See Invis. : .   b - +0,+2 sling
Res.Cold  : . . .   Warding    : .   d - +0 leather armour
Life Prot.: . . .   Conserve   : .   (no shield)
Res.Poison: .       Res.Corr.  : .   (no helmet)
Res.Elec. : .       Clarity    : .   (no cloak)
Sust.Abil.: . .     Spirit.Shd : .   j - +0 pair of gauntlets
Res.Mut.  : .       Stasis     : .   (no boots)
Res.Rott. : .       Flight     : .   (no amulet)
Saprovore : . . .                    (no ring)
                                     (no ring)

@: slightly resistant to hostile enchantments, fairly stealthy
A: mutation resistance 1, slow metabolism 1
a: no special abilities


You were on level 4 of the Dungeon.
You were not hungry.

You visited 1 branch of the dungeon, and saw 4 of its levels.

You collected 112 gold pieces.

Inventory:

Hand weapons
 a - a +0,+0 short sword
 b - a +0,+2 sling (weapon)
 q - a +0,+2 sling of evasion
Missiles
 c - 30 sling bullets (quivered)
 m - 18 stones
Armour
 d - a +0 leather armour (worn)
 j - a +0 pair of gauntlets (worn)
Comestibles
 f - a bread ration
 o - 4 meat rations
 u - a lychee
 B - 2 chunks of gnoll flesh
Scrolls
 e - a scroll of recharging {unknown}
 g - 2 scrolls of curse jewellery {unknown}
 i - a scroll of enchant weapon II {unknown}
 s - 5 scrolls of identify {unknown}
 t - 2 scrolls of remove curse {unknown}
 v - 2 scrolls of enchant armour {unknown}
 w - 3 scrolls of amnesia {unknown}
 x - a scroll of enchant weapon I {unknown}
 y - a scroll of curse armour {unknown}
Jewellery
 l - an uncursed amulet of warding {unknown}
 n - a +5 ring of dexterity {unknown}
 A - an uncursed amulet of resist corrosion {unknown}
Potions
 h - 3 potions of curing {unknown}
 k - a potion of mutation {unknown}
 p - 2 potions of speed {unknown}
 r - 2 potions of restore abilities {unknown}
 z - a potion of magic {unknown}


   Skills:
 - Level 0.8 Fighting
 - Level 1.1 Short Blades
 + Level 8.4 Slings
 - Level 0.4 Armour
 - Level 3.6 Dodging
 - Level 1.9 Stealth


You had 4 spell levels left.
You didn't know any spells.

Dungeon Overview and Level Annotations

Branches:
Dungeon (4/27)
 Temple: D:4-7

Altars:
Nemelex Xobeh


Innate Abilities, Weirdness & Mutations

You are small and have problems with some larger weapons.
You are somewhat resistant to further mutation.
You have a slow metabolism.


Message History

Firing (i - inventory. (,) - cycle):
c - 32 sling bullets (quivered)
Press: ? - help, Shift-Dir - straight line, f/p - iguana
Aim: an iguana (lightly wounded)
You shoot a sling bullet. The sling bullet hits the iguana.
The iguana is moderately wounded.
The iguana completely misses you.
There is an open door here.
There is a stone staircase leading up, spattered with blood here.
Firing (i - inventory. (,) - cycle):
c - 31 sling bullets (quivered)
Press: ? - help, Shift-Dir - straight line, f/p - iguana
Aim: an iguana (moderately wounded)
You shoot a sling bullet. The sling bullet hits the iguana.
The iguana is moderately wounded.
The iguana bites you!
* * * LOW HITPOINT WARNING * * *
You see here a club.
Things that are here:
a halberd; a hand axe The iguana bites you.
You die...

# . ##.
####+####### #..
#..........# #..
#@.........# #..
#.l........#####..
+.......))<'..(...
#..........#####..
#..........# #?.
############ ###


You could see an iguana.

Vanquished Creatures
  Ijyb (D:2)
  7 gnolls
  2 adders
  2 giant geckos
  2 oozes
  2 ball pythons (D:1)
  5 giant cockroaches
  3 goblins
  5 hobgoblins
  6 jackals
  5 kobolds
  A quokka (D:2)
  9 bats
  3 giant newts
  8 rats
61 creatures vanquished.

Vanquished Creatures (others)
  A giant cockroach (D:3)
1 creature vanquished.

Grand Total: 62 creatures vanquished

Notes
Turn   | Place    | Note
--------------------------------------------------------------
     0 | D:1      | Kae, the Halfling Hunter, began the quest for the Orb.
     0 | D:1      | Reached XP level 1. HP: 14/14 MP: 0/0
    60 | D:1      | Reached skill level 6 in Slings
   316 | D:1      | Reached XP level 2. HP: 8/19 MP: 1/1
   914 | D:2      | Found a sparkling altar of Nemelex Xobeh.
   976 | D:2      | Reached XP level 3. HP: 6/24 MP: 2/2
  1387 | D:2      | Noticed Ijyb
  1407 | D:2      | Killed Ijyb
  1407 | D:2      | Reached skill level 1 in Short Blades
  1407 | D:2      | Reached skill level 7 in Slings
  1472 | D:2      | Reached XP level 4. HP: 29/29 MP: 3/3
  2260 | D:3      | Reached XP level 5. HP: 32/34 MP: 4/4
  2804 | D:3      | Reached skill level 8 in Slings
  3016 | D:4      | HP: 1/34 [iguana (8)]
  3026 | D:4      | Slain by an iguana

Action                   |  1- 3 |  4- 6 || total
-------------------------+-------+-------++-------
Melee: Short sword       |   102 |   162 ||   264
 Fire: Sling             |    14 |    24 ||    38
 Stab: Sleeping          |       |     4 ||     4
